 Dungeon Crawl Stone Soup version 0.29.1-1-gd02db6906a (webtiles) character file.

Game seed: 16181201802699665783

133 xian the Trooper (level 4, -3/37 HPs)
             Began as a Demonspawn Abyssal Knight on Oct 8, 2022.
             Was a Priest of Lugonu.
             Killed by divine providence
             ... invoked by an orc priest
              (8 damage)
             ... on level 3 of the Dungeon.
             The game lasted 00:06:22 (2907 turns).

xian the Trooper (Demonspawn Abyssal Knight)        Turns: 2907, Time: 00:06:23

Health: -3/37      AC: 10    Str: 15    XL:     4   Next: 94%
Magic:  0/15       EV:  8    Int: 16    God:    Lugonu [***...]
Gold:   159        SH:  0    Dex: 13    Spells: 3/3 levels left

rFire   . . .      SeeInvis .   a - +1 hand axe
rCold   . . .      Faith    .   (no shield)
rNeg    . . .      Spirit   +   p - +1 chain mail "Anoesur" {Int+4}
rPois   .          Reflect  .   i - +0 helmet
rElec   .          Harm     .   (no cloak)
rCorr   .          Rampage  .   (no gloves)
Will    .....                   (no boots)
Stlth   ..........              v - amulet of guardian spirit
HPRegen 0.12/turn               n - ring of magical power
MPRegen 0.28/turn               (no ring)

@: no status effects
A: hooves 1, repulsion field 1, magic regeneration
a: Renounce Religion, Depart the Abyss, Bend Space, Banish


You were on level 3 of the Dungeon.
You worshipped Lugonu.
Lugonu was most pleased with you.
You visited 1 branch of the dungeon, and saw 3 of its levels.
You visited the Abyss 1 time.

You collected 159 gold pieces.

Inventory:

Hand Weapons
 a - a +1 hand axe (weapon)
 m - a +0 longbow
Missiles
 c - 6 boomerangs (quivered)
 g - 4 stones
 r - 5 javelins
Armour
 i - a +0 helmet (worn)
 p - the +1 chain mail "Anoesur" (worn) {Int+4}
   (You took it off a hobgoblin on level 2 of the Dungeon)

   Int:       It affects your intelligence (+4).
Magical Staves
 k - a staff of fire
Jewellery
 n - a ring of magical power (left hand)
 v - an amulet of guardian spirit (around neck)
Scrolls
 d - a scroll of immolation {unknown}
 f - 3 scrolls of identify {unknown}
 h - 2 scrolls of amnesia {unknown}
 o - a scroll of vulnerability {unknown}
 q - a scroll of butterflies {unknown}
Potions
 b - a potion of curing {unknown}
 e - a potion of resistance {unknown}
 j - a potion of lignification {unknown}
 l - a potion of haste {unknown}
 s - 2 potions of heal wounds {unknown}
 t - a potion of might {unknown}
 u - a potion of brilliance {unknown}


   Skills:
 + Level 3.9 Fighting
 + Level 2.4 Axes
 + Level 1.1 Ranged Weapons
 + Level 2.4 Armour
 + Level 1.3 Dodging
 + Level 0.5 Stealth
 * Level 3.4 Invocations


You had 3 spell levels left.
You didn't know any spells.
Your spell library contained the following spells:

 Spells                   Type           Power      Damage    Failure   Level
 Shock                    Conj/Air       0%         1d3       99%         1
 Summon Lightning Spire   Summ/Air       0%         N/A       100%        4
 Freezing Cloud           Conj/Ice/Air   0%         6-21      100%        5


Dungeon Overview and Level Annotations

Branches:
Dungeon (3/15)

Altars:

Shops:
D:1 [[[(

Annotations:
D:1 Great shops


Innate Abilities, Weirdness & Mutations

You have large cloven feet.
You are surrounded by a mild repulsion field. (EV +2)
You regenerate magic rapidly.


Message History

The jackal closely misses you. The jackal barely misses you.
The orc priest mumbles some strange prayers to Beogh against you.
Beogh smites you!
The jackal bites you but does no damage.
a - a +1 hand axe (weapon)
The jackal bites you but does no damage.
Unknown command.
You hit the orc priest but do no damage.
You kick the orc priest.
The orc priest is lightly wounded.
You closely miss the jackal. The jackal closely misses you.
The orc priest closely misses you.
The jackal bites you but does no damage.
You hit the orc priest.
You kick the orc priest, but do no damage.
The orc priest is moderately wounded.
You barely miss the jackal. The jackal completely misses you.
The orc priest casts a cantrip, but nothing happens.
You completely miss the orc priest.
The orc priest is moderately wounded.
You hit the jackal but do no damage.
The jackal bites you but does no damage.
The orc priest hits you with a +0 hand axe.
The jackal bites you.
The orc priest calls down the wrath of Beogh upon you.
Beogh smites you!
* * * LOW HITPOINT WARNING * * *
You hit the orc priest but do no damage.
The orc priest is moderately wounded.
You barely miss the jackal.
The jackal bites you but does no damage. x2
The orc priest hits you with a +0 hand axe.
* * * LOW HITPOINT WARNING * * *
You barely miss the orc priest.
The orc priest is moderately wounded.
You hit the jackal but do no damage.
The jackal bites you but does no damage.
The orc priest calls down the wrath of Beogh upon you.
Beogh smites you!
You die...

#.####....#
#.# #.#
##...###.#
#.#
#.....#.#
##.#
#...#...##
#..#
#...##....
#.##
#........#
#>#
#.........
##.#
#.........
#@h#
##.......#
. #o##
#.#.#.#.#
....###o#
#.#.#...#
........#
#.#.##..#
.....#..#
#.#.##..#
##......#
#...###.#
.......##
###..###.#
.......
#.........
.......
#....)....


You could see an orc priest, an orc and a jackal.

Vanquished Creatures
  Terence (D:2)
  3 adders
  A worm (D:3)
  4 dart slugs
  An orc (D:3)
  5 ball pythons
  5 bats
  5 endoplasms
  3 giant cockroaches
  10 goblins
  6 hobgoblins
  3 jackals
  2 quokkas
  6 frilled lizards
  5 kobolds
  9 rats
69 creatures vanquished.

Notes
Turn   | Place    | Note
-------+----------+-------------------------------------------
     0 | Abyss:1  | xian the Demonspawn Abyssal Knight began the quest for the
                  | Orb.
     0 | Abyss:1  | Reached XP level 1. HP: 18/18 MP: 2/2
    43 | D:1      | Escaped the Abyss
    43 | D:1      | Noticed a barachi
    43 | D:1      | Noticed an ogre
    45 | D:1      | Noticed a vampire
    45 | D:1      | Noticed a naga
    47 | D:1      | Noticed a spriggan
    47 | D:1      | Noticed a ghoul
    56 | D:1      | Noticed a demonspawn
    57 | D:1      | Noticed an ogre
    58 | D:1      | Noticed a demonspawn
    60 | D:1      | Noticed a barachi
    60 | D:1      | Noticed a demigod
    62 | D:1      | Noticed a barachi
    68 | D:1      | Noticed a troll
    68 | D:1      | Noticed a human
    71 | D:1      | Noticed a tengu
   107 | D:1      | Found Votis's Armour Emporium.
   152 | D:1      | Found Deamn's Antique Weapon Boutique.
   153 | D:1      | Reached ** piety under Lugonu
   307 | D:1      | Gained mutation: You have large cloven feet. [demonic
                  | ancestry]
   307 | D:1      | Reached XP level 2. HP: 22/24 MP: 3/3
   371 | D:1      | Found Mushrumnu's Armour Emporium.
   471 | D:1      | Reached skill level 1 in Dodging
   494 | D:1      | Got Qaaning's Guide on the Zephyr
   564 | D:1      | Found Geuwuhua's Armour Boutique.
   986 | D:1      | Gained mutation: You regenerate magic rapidly. [demonic
                  | ancestry]
   986 | D:1      | Reached XP level 3. HP: 30/30 MP: 4/4
   994 | D:1      | Found a faded altar of an unknown god.
  1794 | D:2      | Gained mutation: You are surrounded by a mild repulsion
                  | field. (EV +2) [demonic ancestry]
  1794 | D:2      | Reached XP level 4. HP: 25/37 MP: 6/6
  1990 | D:2      | Reached *** piety under Lugonu
  2023 | D:2      | Identified the +1 chain mail "Anoesur" {Int+4}
  2283 | D:3      | Noticed Terence
  2295 | D:2      | Killed Terence
  2413 | D:3      | Reached skill level 1 in Ranged Weapons
  2907 | D:3      | Killed from afar by an orc priest

Illustrated notes

Levels and vault maps discovered:
D:1:      shiori_arrival_whats_in_store_for_you, layout_basic,
          hellmonk_ecumenical_altar_heavens_door, serial_shops,
          nicolae_square_shop, shop_fountains, nicolae_diamond_shop,
          nicolae_shop_waterfront
D:2:      layout_basic
D:3:      layout_rooms, serial_shops, nicolae_shop_trees, uniq_jessica,
          uniq_terence

Skill      XL: |  1  2  3  4 |
---------------+-------------+-----
Dodging        | 1 |  1.3
Armour         | 2 |  2.4
Axes           | 2 |  2.4
Invocations    | 3 |  3.4
Ranged Weapons | 1 |  1.1
Fighting       | |  3.9
Stealth        | |  0.5

Action                   |  1- 3 |  4- 6 || total
-------------------------+-------+-------++-------
Melee: Hand axe          |   107 |     9 ||   116
       Kick              |    23 |     2 ||    25
 Fire: Longbow           |       |    66 ||    66
Throw: Boomerang         |     3 |       ||     3
Invok: Depart the Abyss  |     1 |       ||     1
 Stab: Sleeping          |     3 |       ||     3
Armor: Leather armour    |    27 |       ||    27
       Chain mail        |    35 |    42 ||    77
Dodge: Dodged            |    52 |    31 ||    83
